 Dungeon Crawl Stone Soup version 0.30.0-20-g3615ddf2f0 (webtiles) character file.

Game seed: 17260040740547614057

27988 qw the Cleaver (level 13, 0/82 HPs)
             Began as a Gargoyle Fighter on June 2, 2023.
             Was an Elder of Okawaru.
             Shot with an arrow by Nessos (2 damage)
             ... on level 4 of the Lair of Beasts.
             The game lasted 00:06:39 (12543 turns).

qw the Cleaver (Gargoyle Fighter)                  Turns: 12543, Time: 00:06:39

Health: 0/82       AC: 39    Str: 29    XL:     13   Next: 35%
Magic:  19/20      EV: 15    Int: 13    God:    Okawaru [****..]
Gold:   365        SH:  6    Dex:  9    Spells: 12/12 levels left

rFire   . . .        t - +0 war axe (spect)
rCold   + . .        c - +0 buckler
rNeg    + . .        a - +5 plate armour
rPois   inf          (no helmet)
rElec   +            p - +1 cloak "Ykherot" {Str+6 Int+2}
rCorr   .            w - +0 pair of gloves
SInv    .            s - +2 pair of boots
Will    .....        (no amulet) Stlth
                     k - +5 ring of evasion
HPRegen 0.33/turn    q - ring of protection from cold
MPRegen 0.17/turn

%: no passive effects
@: about to teleport, heroic
A: sickness immunity, AC +9, negative energy resistance 1, electricity
resistance, torment resistance 1, petrification resistance
a: Renounce Religion, Heroism, Finesse


You were on level 4 of the Lair of Beasts.
You worshipped Okawaru.
Okawaru was greatly pleased with you.
You visited 3 branches of the dungeon, and saw 13 of its levels.
You also visited: Sewer.

You collected 521 gold pieces.
You spent 156 gold pieces at shops.


Innate Abilities, Weirdness & Mutations

You are immune to sickness and miasma.
Your stone body is resilient. (AC +9)
You are immune to poison.
You resist negative energy. (rN+)
You are resistant to electric shocks. (rElec)
You are resistant to unholy torment.
You are immune to petrification.


   Skills:
 - Level 10.0(15.0) Fighting
 - Level 14.0(19.0) Axes
 - Level 10.0(15.0) Armour
 - Level 3.4(8.4) Dodging
 + Level 6.6(11.6) Shields
 - Level 10.0 Invocations


You had 12 spell levels left.
You didn't know any spells.
Your spell library was empty.

Inventory:

Hand Weapons
 t - a +0 spectral war axe (weapon)
 u - a +0 morningstar of holy wrath
Armour
 a - a +5 plate armour (worn)
 c - a +0 buckler (worn)
 p - the +1 cloak "Ykherot" (worn) {Str+6 Int+2}
   (Okawaru gifted it to you on level 3 of the Lair of Beasts)

   Str:       It affects your strength (+6).
   Int:       It affects your intelligence (+2).
 s - a +2 pair of boots (worn)
 v - a +0 helmet
 w - a +0 pair of gloves (worn)
Jewellery
 e - a ring of fire
 g - a +6 ring of dexterity
 k - a +5 ring of evasion (left hand)
 m - a ring of protection from cold
 q - a ring of protection from cold (right hand)
Wands
 f - a wand of digging (8)
Scrolls
 l - 3 scrolls of identify
Potions
 b - a potion of cancellation
 d - 4 potions of might
 i - 5 potions of heal wounds
 j - 4 potions of mutation
 n - 11 potions of curing
 o - 3 potions of haste
 r - 3 potions of attraction

Dungeon Overview and Level Annotations

Branches:
Dungeon (8/15)             Temple (1/1) D:6            Lair (4/5) D:8
  Swamp (0/4) Lair:2        Snake (0/4) Lair:2        Slime (0/5) Lair:4
  Sewer (visited)

Altars:
Ashenzari
Cheibriados
Dithmenos
Elyvilon
Fedhas
Gozag
Hepliaklqana
Kikubaaqudgha
Makhleb
Nemelex Xobeh
Okawaru
Qazlal
Ru
Sif Muna
Trog
Uskayaw
Vehumet
Wu Jian
Xom
Yredelemnul
Zin
The Shining One
Jiyva

Shops:
D:3 (   D:4 *   D:6 ?!

Annotations:
D:6 1 runed translucent door, Crazy Yiuf
Lair:2 1 runed translucent door, Ciovowug's ghost, journeyman DrTm
Lair:4 Nessos


Message History

Nessos shoots an arrow.
You block the arrow.
Nessos shoots an arrow.
The arrow hits you! The arrow burns you.
Enter note:
Enter note:
Enter note:
Enter note:
Enter note:
Enter note:
Enter note:
Enter note:
Enter note:
Enter note:
Enter note:
Enter note:
Enter note:
Enter note:
Enter note:
Enter note:
Enter note:
Enter note:
Enter note:
Enter note:
Enter note:
Enter note:
Enter note:
Enter note: Nessos gestures wildly while chanting.
Nessos blinks!
Nessos shoots an arrow.
The arrow closely misses you.
12540 ||| Stepping ~*~*~tactically~*~*~ (hiding).
Nessos shoots an arrow.
The arrow closely misses you.
Nessos shoots an arrow.
The arrow hits you. The arrow burns you.
Nessos shoots an arrow.
The arrow hits you but does no damage.
Nessos shoots an arrow.
The arrow barely misses you.
Nessos shoots an arrow.
The arrow hits you! The arrow burns you.
Nessos shoots an arrow.
You block the arrow.
12543 ||| READING scroll of teleportation.
As you read the scroll of teleportation, it crumbles to dust.
You feel strangely unstable.
Nessos shoots an arrow.
The arrow hits you! The arrow burns you.
You die...

####P##.#.
.........
.........
......... ..#
#........ ...P#
#####........
......
#P.##.#.#........
......
#.....@...c#
......
#...##....##
..##..... #...#
##..## ... #...
#.... #..## ..#
#... ###.. #..P#
P.. #... #. #
##.#####.# ##...
#..##.##..##.#.#
#....
..............##
##...
.#.#.....##...P#
#...


You could see Nessos (fast).

Vanquished Creatures
  A hydra (Lair:4)
  A ghost crab (Lair:2)
  28 elephants
  A torpor snail (Lair:2)
  A black mamba (Lair:3)
  2 rime drakes
  5 cane toads
  4 komodo dragons
  A spectral elephant (Lair:2)
  Grinder (D:3)
  Prince Ribbit (D:7)
  3 polar bears
  19 blink frogs
  A spectral black mamba (Lair:2)
  2 wyverns
  2 basilisks
  2 spectral komodo dragons (Lair:2)
  21 yaks
  A steam dragon (D:7)
  Edmund (D:6)
  5 nagas (Lair:2)
  5 water moccasins
  3 ice beasts (D:6)
  A black bear (D:6)
  5 wolves (Lair:1)
  3 ogres (D:5)
  A centaur (D:8)
  2 kobold brigands
  6 bullfrogs
  A scorpion (D:6)
  A spectral water moccasin (Lair:2)
  14 wights
  6 killer bees (D:8)
  2 electric eels (Lair:1)
  2 jellies
  3 orc priests
  3 sleepcaps
  4 hounds
  3 gnoll boudas
  3 iguanas
  Natasha (thrice) (D:3)
  An orc wizard (D:4)
  7 adders
  17 gnolls
  2 white imps
  A worm (D:5)
  6 dart slugs
  18 orcs
  15 endoplasms
  11 giant cockroaches
  7 goblins
  7 hobgoblins
  7 quokkas
  13 ball pythons
  5 bats
  10 frilled lizards
  13 kobolds
  6 rats
320 creatures vanquished.

Vanquished Creatures (others)
  A spectral weapon (Lair:4)
1 creature vanquished.

Grand Total: 321 creatures vanquished

Notes
Turn   | Place    | Note
-------+----------+-------------------------------------------
     0 | D:1      | qw the Gargoyle Fighter began the quest for the Orb.
     0 | D:1      | Reached XP level 1. HP: 14/14 MP: 1/1
     0 | D:1      | 0 ||| qw: Version: 0.2-a-102-gdf20003
     0 | D:1      | 0 ||| qw: Game counter: 774
     0 | D:1      | 0 ||| qw: Always use a shield: true
     0 | D:1      | 0 ||| qw: God list: Okawaru
     0 | D:1      | 0 ||| qw: Allow faded altars: false
     0 | D:1      | 0 ||| qw: Do Orc after D:15 true
     0 | D:1      | 0 ||| qw: Do second Lair branch before Depths: true
     0 | D:1      | 0 ||| qw: Lair rune preference: random
     0 | D:1      | 0 ||| qw: Plans: Normal, Zot:1-4, Slime:5, God:TSO, Crypt,
                  | Tomb, Pan, Hells, Abyss, Win
     0 | D:1      | 0 ||| PLANNING D:1-11
    19 | D:1      | Reached skill level 2 in Axes
    40 | D:1      | Reached XP level 2. HP: 11/19 MP: 2/2
   218 | D:1      | 218 ||| Stepping ~*~*~tactically~*~*~ (stealth).
   219 | D:1      | 219 ||| Stepping ~*~*~tactically~*~*~ (stealth).
   220 | D:1      | 220 ||| Stepping ~*~*~tactically~*~*~ (stealth).
   228 | D:1      | 228 ||| Stepping ~*~*~tactically~*~*~ (stealth).
   233 | D:1      | 233 ||| Stepping ~*~*~tactically~*~*~ (stealth).
   463 | D:1      | 463 ||| Stepping ~*~*~tactically~*~*~ (hiding).
   468 | D:1      | 468 ||| Stepping ~*~*~tactically~*~*~ (stealth).
   476 | D:1      | 476 ||| Stepping ~*~*~tactically~*~*~ (stealth).
   477 | D:1      | 477 ||| Stepping ~*~*~tactically~*~*~ (stealth).
   521 | D:1      | Reached skill level 3 in Axes
   560 | D:1      | Reached XP level 3. HP: 18/23 MP: 3/3
   606 | D:1      | 606 ||| Stepping ~*~*~tactically~*~*~ (hiding).
   744 | D:1      | 744 ||| FLEEEEING.
   746 | D:1      | 746 ||| FLEEEEING.
   749 | D:1      | 749 ||| FLEEEEING.
   750 | D:1      | 750 ||| FLEEEEING.
   763 | D:1      | 763 ||| Stepping ~*~*~tactically~*~*~ (stealth).
   861 | D:1      | 861 ||| DROPPING ring of magical power.
   862 | D:1      | 862 ||| UPGRADING to +5 ring of evasion.
   863 | D:1      | 863 ||| READING scroll labelled CENKAQ ZOCYTH.
   893 | D:2      | 893 ||| Stepping ~*~*~tactically~*~*~ (stealth).
   910 | D:2      | Reached skill level 4 in Axes
   910 | D:2      | Reached XP level 4. HP: 25/28 MP: 4/4
   920 | D:2      | 920 ||| DROPPING +0 club.
   926 | D:2      | 926 ||| DROPPING +0 whip.
  1062 | D:2      | 1062 ||| DROPPING +0 heavy mace.
  1086 | D:2      | 1086 ||| Stepping ~*~*~tactically~*~*~ (stealth).
  1087 | D:2      | 1087 ||| Stepping ~*~*~tactically~*~*~ (stealth).
  1167 | D:2      | Found a faded altar of an unknown god.
  1206 | D:2      | 1206 ||| Stepping ~*~*~tactically~*~*~ (stealth).
  1250 | D:2      | 1250 ||| Stepping ~*~*~tactically~*~*~ (hiding).
  1252 | D:2      | 1252 ||| Stepping ~*~*~tactically~*~*~ (hiding).
  1509 | D:2      | 1509 ||| UPGRADING to +6 ring of dexterity.
  1510 | D:2      | 1510 ||| READING scroll labelled DOSAJU VEARY.
  1511 | D:2      | 1511 ||| READING scroll labelled JEL AQEIBBUM.
  1512 | D:2      | 1512 ||| READING scroll labelled IPSUZE NEUKIHE.
  1515 | D:3      | Noticed a +0 giant club
  1532 | D:3      | 1532 ||| Stepping ~*~*~tactically~*~*~ (stealth).
  1626 | D:3      | Found Vyumi's Weapon Shop.
  1626 | D:3      | Noticed a +0 bardiche
  1634 | D:3      | 1634 ||| SHOPLISTING +2 vampiric broad axe (240 gold, have
                  | 40).
  1723 | D:3      | Noticed Grinder
  1725 | D:3      | 1725 ||| Stepping ~*~*~tactically~*~*~ (hiding).
  1730 | D:3      | Paralysed by Grinder for 5 turns
  1745 | D:3      | Killed Grinder
  1746 | D:3      | Reached skill level 3 in Dodging
  1746 | D:3      | Reached XP level 5. HP: 31/32 MP: 5/5
  1746 | D:3      | Reached XP level 6. HP: 36/37 MP: 6/6
  1889 | D:3      | Noticed Natasha
  1890 | D:3      | 1890 ||| Stepping ~*~*~tactically~*~*~ (hiding).
  1901 | D:3      | Killed Natasha
  1995 | D:3      | 1995 ||| Stepping ~*~*~tactically~*~*~ (hiding).
  2128 | D:3      | Noticed Natasha
  2134 | D:3      | Killed Natasha
  2161 | D:3      | Noticed Natasha
  2170 | D:3      | Killed Natasha
  2171 | D:3      | Reached skill level 5 in Axes
  2373 | D:3      | 2373 ||| Stepping ~*~*~tactically~*~*~ (hiding).
  2385 | D:3      | Reached XP level 7. HP: 21/42 MP: 7/7
  2388 | D:3      | HP: 9/42 [gnoll/+0 spear[a gnoll bouda] (4)]
  2573 | D:3      | 2573 ||| DROPPING +0 flail.
  2661 | D:3      | 2661 ||| UPGRADING to ring of protection from cold.
  2663 | D:3      | 2663 ||| READING scroll labelled VIODUZ ONACW.
  2664 | D:3      | 2664 ||| READING scroll labelled JIHYIFAJA.
  2665 | D:3      | 2665 ||| DRINKING 2 bubbling brown potions.
  2666 | D:3      | 2666 ||| DRINKING 2 fizzy pink potions.
  2672 | D:3      | 2672 ||| READING 4 scrolls of identify.
  2672 | D:3      | 2672 ||| IDENTIFYING fuming white potion
  2673 | D:3      | 2673 ||| READING 3 scrolls of identify.
  2673 | D:3      | 2673 ||| IDENTIFYING inky potion
  2674 | D:3      | 2674 ||| READING 2 scrolls of identify.
  2674 | D:3      | 2674 ||| IDENTIFYING brown potion
  2675 | D:3      | 2675 ||| DROPPING potion of magic.
  2676 | D:3      | 2676 ||| DROPPING potion of ambrosia.
  2781 | D:4      | Found Nokun's Overcharged Wands.
  2787 | D:4      | 2787 ||| SHOPLISTING wand of digging (11) (693 gold, have
                  | 78).
  2975 | D:4      | 2975 ||| Stepping ~*~*~tactically~*~*~ (stealth).
  2977 | D:4      | 2977 ||| Stepping ~*~*~tactically~*~*~ (hiding).
  2994 | D:4      | 2994 ||| Stepping ~*~*~tactically~*~*~ (stealth).
  3286 | D:4      | Reached skill level 6 in Axes
  3303 | D:4      | 3303 ||| UPGRADING to +0 chain mail.
  3313 | D:4      | 3313 ||| DROPPING +0 scale mail.
  3314 | D:4      | 3314 ||| DROPPING ring of willpower.
  3315 | D:4      | 3315 ||| READING 2 scrolls of identify.
  3315 | D:4      | 3315 ||| IDENTIFYING sapphire potion
  3336 | D:5      | Entered Level 5 of the Dungeon
  3337 | D:5      | 3337 ||| PLANNING SEWER
  3450 | D:5      | 3450 ||| Stepping ~*~*~tactically~*~*~ (stealth).
  3589 | D:5      | Found a glowing drain.
  3590 | D:5      | 3590 ||| UPGRADING to +0 plate armour.
  3600 | D:5      | 3600 ||| DROPPING +0 chain mail.
  3601 | D:5      | 3601 ||| READING 3 scrolls of enchant armour.
  3601 | D:5      | 3601 ||| ENCHANTING +0 plate armour.
  3602 | D:5      | 3602 ||| READING 2 scrolls of enchant armour.
  3602 | D:5      | 3602 ||| ENCHANTING +1 plate armour.
  3603 | D:5      | 3603 ||| READING scroll of enchant armour.
  3603 | D:5      | 3603 ||| ENCHANTING +2 plate armour.
  3604 | D:5      | 3604 ||| DROPPING +6 ring of intelligence.
  3605 | D:5      | 3605 ||| READING 2 scrolls of identify.
  3605 | D:5      | 3605 ||| IDENTIFYING blue potion
  3606 | D:5      | 3606 ||| DROPPING potion of brilliance.
  3615 | Sewer    | Entered a sewer
  3674 | Sewer    | 3674 ||| Stepping ~*~*~tactically~*~*~ (water).
  3724 | Sewer    | Reached XP level 8. HP: 48/48 MP: 8/8
  3770 | Sewer    | 3770 ||| Stepping ~*~*~tactically~*~*~ (water).
  3851 | Sewer    | 3851 ||| Stepping ~*~*~tactically~*~*~ (water).
  3902 | Sewer    | Reached skill level 7 in Axes
  3940 | D:5      | 3940 ||| PLANNING D:1-11
  4021 | D:5      | 4021 ||| Stepping ~*~*~tactically~*~*~ (stealth).
  4034 | D:5      | 4034 ||| FLEEEEING.
  4035 | D:5      | 4035 ||| FLEEEEING.
  4036 | D:5      | 4036 ||| FLEEEEING.
  4037 | D:5      | 4037 ||| FLEEEEING.
  4038 | D:5      | 4038 ||| FLEEEEING.
  4039 | D:5      | 4039 ||| FLEEEEING.
  4040 | D:5      | 4040 ||| FLEEEEING.
  4041 | D:5      | 4041 ||| FLEEEEING.
  4042 | D:5      | 4042 ||| FLEEEEING.
  4043 | D:5      | 4043 ||| FLEEEEING.
  4044 | D:5      | 4044 ||| FLEEEEING.
  4045 | D:5      | 4045 ||| FLEEEEING.
  4046 | D:5      | 4046 ||| FLEEEEING.
  4047 | D:5      | 4047 ||| FLEEEEING.
  4048 | D:5      | 4048 ||| FLEEEEING.
  4049 | D:5      | 4049 ||| FLEEEEING.
  4050 | D:5      | 4050 ||| FLEEEEING.
  4051 | D:5      | 4051 ||| FLEEEEING.
  4052 | D:5      | 4052 ||| FLEEEEING.
  4053 | D:5      | 4053 ||| FLEEEEING.
  4066 | D:5      | 4066 ||| FLEEEEING.
  4219 | D:5      | 4219 ||| Stepping ~*~*~tactically~*~*~ (hiding).
  4220 | D:5      | 4220 ||| Stepping ~*~*~tactically~*~*~ (hiding).
  4427 | D:6      | Found Dutobeak's Distillery.
  4437 | D:6      | 4437 ||| BUYING potion of attraction (39 gold).
  4437 | D:6      | Bought a potion of attraction for 39 gold pieces
  4437 | D:6      | 4437 ||| BUYING potion of curing (39 gold).
  4437 | D:6      | Bought a potion of curing for 39 gold pieces
  4437 | D:6      | 4437 ||| BUYING potion of curing (39 gold).
  4437 | D:6      | Bought a potion of curing for 39 gold pieces
  4437 | D:6      | 4437 ||| BUYING potion of curing (39 gold).
  4437 | D:6      | Bought a potion of curing for 39 gold pieces
  4437 | D:6      | 4437 ||| SHOPLISTING potion of might (52 gold, have 2).
  4480 | D:6      | Found Ceon's Magic Scroll Shoppe.
  4488 | D:6      | 4488 ||| SHOPLISTING scroll of identify (24 gold, have 2).
  4512 | D:6      | Found a bloodstained altar of Trog.
  4552 | D:6      | Identified the +6 dagger of Zoqidira {heavy, rN+ rCorr MP+9
                  | Dex-4}
  4629 | D:6      | 4629 ||| Stepping ~*~*~tactically~*~*~ (stealth).
  4704 | D:6      | Reached skill level 8 in Axes
  4723 | D:6      | Reached skill level 6 in Fighting
  4752 | D:6      | Noticed Edmund
  4754 | D:6      | Found a staircase to the Ecumenical Temple.
  4755 | D:6      | 4755 ||| PLANNING TEMPLE
  4767 | D:6      | Killed Edmund
  4768 | D:6      | Reached XP level 9. HP: 49/55 MP: 9/9
  4789 | D:6      | 4789 ||| DRINKING 2 lumpy clear potions.
  4894 | D:6      | 4894 ||| DROPPING potion of berserk rage.
  4903 | Temple   | Entered the Ecumenical Temple
  5168 | Temple   | 5168 ||| PLANNING D:1-11
  5251 | D:6      | 5251 ||| Stepping ~*~*~tactically~*~*~ (hiding).
  5265 | D:6      | You fall into a shaft and drop 1 floor!
  5349 | D:6      | Reached skill level 9 in Axes
  5445 | D:6      | Found a runed translucent door.
  5446 | D:6      | Noticed Crazy Yiuf
  5550 | D:6      | 5550 ||| READING scroll labelled GAITSA ITITU.
  5647 | D:7      | Noticed Prince Ribbit
  5652 | D:7      | Killed Prince Ribbit
  5724 | D:7      | Found an iron altar of Okawaru.
  5725 | D:7      | 5725 ||| PLANNING OKAWARU WORSHIP
  5728 | D:7      | Became a worshipper of Warmaster Okawaru
  5728 | D:7      | 5728 ||| PLANNING D:1-11
  5755 | D:7      | 5755 ||| Stepping ~*~*~tactically~*~*~ (hiding).
  5756 | D:7      | 5756 ||| Stepping ~*~*~tactically~*~*~ (hiding).
  5757 | D:7      | 5757 ||| Stepping ~*~*~tactically~*~*~ (hiding).
  6033 | D:7      | 6033 ||| READING scroll of enchant armour.
  6033 | D:7      | 6033 ||| ENCHANTING +3 plate armour.
  6419 | D:7      | 6419 ||| UPGRADING to +0 pair of boots.
  6424 | D:7      | 6424 ||| READING 3 scrolls of identify.
  6424 | D:7      | 6424 ||| IDENTIFYING dark potion
  6539 | D:8      | Reached * piety under Okawaru
  6547 | D:8      | Reached skill level 6 in Armour
  6547 | D:8      | Reached skill level 1 in Invocations
  6569 | D:8      | Reached XP level 10. HP: 46/63 MP: 10/12
  6572 | D:8      | Reached skill level 3 in Invocations
  6572 | D:8      | 6572 ||| INVOKING Heroism.
  6588 | D:8      | 6588 ||| FLEEEEING.
  6596 | D:8      | 6596 ||| FLEEEEING.
  6597 | D:8      | 6597 ||| FLEEEEING.
  6598 | D:8      | 6598 ||| FLEEEEING.
  6599 | D:8      | 6599 ||| FLEEEEING.
  6600 | D:8      | 6600 ||| FLEEEEING.
  6601 | D:8      | 6601 ||| FLEEEEING.
  6602 | D:8      | 6602 ||| FLEEEEING.
  6603 | D:8      | 6603 ||| FLEEEEING.
  6604 | D:8      | 6604 ||| FLEEEEING.
  6606 | D:8      | 6606 ||| STAIRDANCE
  6738 | D:8      | 6738 ||| Stepping ~*~*~tactically~*~*~ (stealth).
  6739 | D:8      | 6739 ||| Stepping ~*~*~tactically~*~*~ (stealth).
  6740 | D:8      | 6740 ||| Stepping ~*~*~tactically~*~*~ (stealth).
  6921 | D:8      | 6921 ||| Stepping ~*~*~tactically~*~*~ (hiding).
  7348 | D:8      | 7348 ||| Stepping ~*~*~tactically~*~*~ (stealth).
  7357 | D:8      | 7357 ||| INVOKING Heroism.
  7360 | D:8      | Reached skill level 10 in Axes
  7572 | D:8      | Found a staircase to the Lair.
  8050 | D:8      | 8050 ||| PLANNING LAIR
  8050 | D:8      | 8050 ||| READING 3 scrolls of identify.
  8050 | D:8      | 8050 ||| IDENTIFYING bubbling grey potion
  8051 | D:8      | 8051 ||| DROPPING potion of degeneration.
  8072 | Lair:1   | Entered Level 1 of the Lair of Beasts
  8095 | Lair:1   | 8095 ||| INVOKING Heroism.
  8212 | Lair:1   | 8212 ||| Stepping ~*~*~tactically~*~*~ (stealth).
  8244 | Lair:1   | 8244 ||| INVOKING Heroism.
  8331 | Lair:1   | Noticed an elephant
  8332 | Lair:1   | Noticed an elephant
  8335 | Lair:1   | Noticed an elephant
  8336 | Lair:1   | 8336 ||| Stepping ~*~*~tactically~*~*~ (stealth).
  8343 | Lair:1   | Killed an elephant
  8343 | Lair:1   | Reached ** piety under Okawaru
  8344 | Lair:1   | Noticed an elephant
  8347 | Lair:1   | Killed an elephant
  8348 | Lair:1   | Noticed an elephant
  8355 | Lair:1   | Killed an elephant
  8356 | Lair:1   | Reached skill level 11 in Axes
  8360 | Lair:1   | Killed an elephant
  8366 | Lair:1   | Killed an elephant
  8366 | Lair:1   | Reached *** piety under Okawaru
  8367 | Lair:1   | Reached XP level 11. HP: 51/68 MP: 14/14
  8569 | Lair:1   | 8569 ||| INVOKING Heroism.
  8665 | Lair:1   | 8665 ||| Stepping ~*~*~tactically~*~*~ (stealth).
  8667 | Lair:1   | 8667 ||| UPGRADING to +2 pair of boots.
  8670 | Lair:1   | 8670 ||| UPGRADING to +2 pair of boots.
  8672 | Lair:1   | 8672 ||| UPGRADING to +2 pair of boots.
  8673 | Lair:1   | 8673 ||| UPGRADING to +2 pair of boots.
  8683 | Lair:1   | 8683 ||| DROPPING +0 pair of boots.
  8687 | Lair:1   | 8687 ||| INVOKING Heroism.
  8746 | Lair:1   | 8746 ||| INVOKING Heroism.
  8747 | Lair:1   | 8747 ||| READING scroll labelled AWUWEU NAMAAD.
  8748 | Lair:1   | 8748 ||| READING scroll labelled USKYLY CUAPT.
  8823 | Lair:1   | 8823 ||| INVOKING Heroism.
  8833 | Lair:1   | Reached skill level 9 in Fighting
  9193 | Lair:2   | 9193 ||| STAIRDANCE
  9286 | Lair:2   | 9286 ||| STAIRDANCE
  9291 | Lair:1   | 9291 ||| INVOKING Heroism.
  9381 | Lair:2   | Reached **** piety under Okawaru
  9382 | Lair:2   | Reached skill level 12 in Axes
  9412 | Lair:2   | Found a runed translucent door.
  9415 | Lair:2   | 9415 ||| Stepping ~*~*~tactically~*~*~ (hiding).
  9440 | Lair:2   | Found a staircase to the Snake Pit.
  9454 | Lair:2   | 9454 ||| INVOKING Heroism.
  9555 | Lair:2   | 9555 ||| Stepping ~*~*~tactically~*~*~ (stealth).
  9558 | Lair:2   | 9558 ||| Stepping ~*~*~tactically~*~*~ (stealth).
  9573 | Lair:2   | 9573 ||| INVOKING Heroism.
  9580 | Lair:2   | Reached skill level 6 in Shields
  9582 | Lair:2   | Reached skill level 6 in Invocations
  9795 | Lair:2   | Reached ***** piety under Okawaru
  9796 | Lair:2   | Reached XP level 12. HP: 73/76 MP: 16/16
  9972 | Lair:2   | 9972 ||| Stepping ~*~*~tactically~*~*~ (stealth).
  9973 | Lair:2   | 9973 ||| INVOKING Heroism.
 10127 | Lair:2   | Noticed Ciovowug's ghost (journeyman DrTm)
 10211 | Lair:2   | 10211 ||| INVOKING Heroism.
 10361 | Lair:2   | Found a staircase to the Swamp.
 10361 | Lair:2   | Noticed a ghost crab
 10362 | Lair:2   | 10362 ||| Stepping ~*~*~tactically~*~*~ (hiding).
 10372 | Lair:2   | Killed a ghost crab
 10373 | Lair:2   | 10373 ||| Stepping ~*~*~tactically~*~*~ (cloud).
 10489 | Lair:2   | 10489 ||| Stepping ~*~*~tactically~*~*~ (hiding).
 10614 | Lair:2   | 10614 ||| READING scroll labelled LUES CIMOAPARE.
 10615 | Lair:2   | 10615 ||| READING scroll labelled ZOPINEIPRE.
 10624 | Lair:3   | 10624 ||| INVOKING Heroism.
 10625 | Lair:3   | 10625 ||| Stepping ~*~*~tactically~*~*~ (stealth).
 10645 | Lair:3   | Identified the +1 cloak "Ykherot" {Str+6 Int+2} (Okawaru
                  | gifted it to you on level 3 of the Lair of Beasts)
 10645 | Lair:3   | Received a gift from Okawaru
 10804 | Lair:3   | 10804 ||| Stepping ~*~*~tactically~*~*~ (stealth).
 10815 | Lair:3   | Reached skill level 9 in Invocations
 10895 | Lair:3   | 10895 ||| Stepping ~*~*~tactically~*~*~ (stealth).
 10897 | Lair:3   | 10897 ||| INVOKING Heroism.
 10898 | Lair:3   | 10898 ||| Stepping ~*~*~tactically~*~*~ (stealth).
 10899 | Lair:3   | 10899 ||| Stepping ~*~*~tactically~*~*~ (stealth).
 10906 | Lair:3   | 10906 ||| Stepping ~*~*~tactically~*~*~ (stealth).
 10907 | Lair:3   | 10907 ||| Stepping ~*~*~tactically~*~*~ (stealth).
 10908 | Lair:3   | 10908 ||| Stepping ~*~*~tactically~*~*~ (stealth).
 10916 | Lair:3   | Reached skill level 13 in Axes
 11178 | Lair:3   | 11178 ||| Stepping ~*~*~tactically~*~*~ (stealth).
 11180 | Lair:3   | 11180 ||| Stepping ~*~*~tactically~*~*~ (stealth).
 11182 | Lair:3   | 11182 ||| Stepping ~*~*~tactically~*~*~ (stealth).
 11184 | Lair:3   | 11184 ||| Stepping ~*~*~tactically~*~*~ (stealth).
 11186 | Lair:3   | 11186 ||| Stepping ~*~*~tactically~*~*~ (stealth).
 11188 | Lair:3   | 11188 ||| Stepping ~*~*~tactically~*~*~ (stealth).
 11189 | Lair:3   | 11189 ||| Stepping ~*~*~tactically~*~*~ (stealth).
 11190 | Lair:3   | 11190 ||| INVOKING Heroism.
 11395 | Lair:3   | 11395 ||| READING scroll of enchant armour.
 11395 | Lair:3   | 11395 ||| ENCHANTING +4 plate armour.
 11639 | Lair:3   | 11639 ||| UPGRADING to +1 cloak "Ykherot" {Str+6 Int+2}.
 11644 | Lair:3   | 11644 ||| UPGRADING to +0 pair of gloves.
 11649 | Lair:3   | 11649 ||| DROPPING scarf of invisibility.
 11650 | Lair:3   | 11650 ||| READING scroll labelled DAIHAX DEUSMU.
 11651 | Lair:3   | 11651 ||| READING 4 scrolls of identify.
 11651 | Lair:3   | 11651 ||| IDENTIFYING smoky silvery potion
 11652 | Lair:3   | 11652 ||| DROPPING potion of invisibility.
 11718 | Lair:4   | Reached skill level 9 in Armour
 11725 | Lair:4   | Reached XP level 13. HP: 74/82 MP: 20/20
 11786 | Lair:4   | 11786 ||| FLEEEEING.
 11788 | Lair:4   | 11788 ||| STAIRDANCE
 11903 | Lair:4   | 11903 ||| INVOKING Heroism.
 11938 | Lair:4   | 11938 ||| Stepping ~*~*~tactically~*~*~ (stealth).
 12162 | Lair:4   | 12162 ||| INVOKING Heroism.
 12167 | Lair:4   | 12167 ||| Stepping ~*~*~tactically~*~*~ (stealth).
 12168 | Lair:4   | 12168 ||| Stepping ~*~*~tactically~*~*~ (stealth).
 12169 | Lair:4   | 12169 ||| Stepping ~*~*~tactically~*~*~ (stealth).
 12178 | Lair:4   | 12178 ||| SWAPPING to +0 morningstar of holy wrath.
 12179 | Lair:4   | 12179 ||| INVOKING Finesse.
 12186 | Lair:4   | 12186 ||| SWAPPING to +0 spectral war axe.
 12192 | Lair:4   | Reached skill level 14 in Axes
 12318 | Lair:4   | 12318 ||| INVOKING Heroism.
 12352 | Lair:4   | 12352 ||| INVOKING Heroism.
 12437 | Lair:4   | Found a viscous altar of Jiyva.
 12437 | Lair:4   | Found a staircase to the Slime Pits.
 12521 | Lair:4   | Noticed Nessos
 12527 | Lair:4   | 12527 ||| Stepping ~*~*~tactically~*~*~ (hiding).
 12535 | Lair:4   | 12535 ||| INVOKING Heroism.
 12540 | Lair:4   | 12540 ||| Stepping ~*~*~tactically~*~*~ (hiding).
 12542 | Lair:4   | HP: 13/82 [Nessos/arrow (10)]
 12543 | Lair:4   | 12543 ||| READING scroll of teleportation.
 12543 | Lair:4   | HP: 2/82 [Nessos/arrow (8)]
 12543 | Lair:4   | Shot with an arrow by Nessos

Levels and vault maps discovered:
D:1:      zelgadis_glass_arrival_small, layout_basic, chequers_arboretum,
          nicolae_kite_square_tiling_tiny
D:2:      layout_rooms, shapermc_ecumenical_altar_notcrosses
D:3:      layout_loops_cross, serial_shops, nicolae_shop_mannequins,
          uniq_natasha, uniq_grinder
D:4:      layout_loops_ring, nicolae_shop_overcharged_wands
D:5:      layout_rooms, portal_sewer_entry_d, minivault_19
D:6:      layout_cave_pools, minmay_temple_entry_overgrown, serial_park,
          serial_park_square1 [serial_park_minivault_5x5_3], serial_park_tiny_1,
          serial_park_square2, serial_park_square3
          [serial_park_minivault_5x5_7], serial_shops, nicolae_square_shop,
          nicolae_lakefront_shop, uniq_edmund, uniq_crazy_yiuf_cottage
D:7:      layout_cave_pods, mainiacjoe_overflow_chevrons, uniq_prince_ribbit1
D:8:      layout_layer_cave, dpeg_oklobed_lair
Temple:   compressed_dpeg_triangle_lava_temple
Lair:1:   layout_regular_city, serial_bayou_ford_a
Lair:2:   layout_small_grid, nicolae_swamp_entry_spooky,
          minmay_snake_entry_guardpost_medium, hellmonk_ghost_happy_afterlife
Lair:3:   layout_loops_ring, columned_hall_lemuel,
          eino_small_chamber_without_monster, serial_bayou_shore_b
Lair:4:   layout_small_grid, slime_entry_1, grunt_megastairs_3, uniq_nessos

Skill      XL: |  1  2  3  4  5  6  7  8  9 10 11 12 13 |
---------------+----------------------------------------+-----
Axes           | 2 3 4 5 6 8 9 11 12 13 14 | 14.0
Dodging        | 3 |  3.4
Fighting       | 4 6 7 8 9 10 | 10.0
Armour         | 4 6 7 8 9 10 | 10.0
Shields        | 4 5 6 |  6.6
Invocations    | 2 4 6 10 | 10.0

Action                     |  1- 3 |  4- 6 |  7- 9 | 10-12 | 13-15 || total
---------------------------+-------+-------+-------+-------+-------++-------
  Melee: War axe           |    88 |   116 |   338 |   396 |    71 ||  1009
         Unarmed           |       |     7 |       |       |       ||     7
         Morningstar       |       |       |       |       |     6 ||     6
 Invoke: Heroism           |       |       |       |    16 |     5 ||    21
         Finesse           |       |       |       |       |     1 ||     1
    Use: Scroll            |     1 |     3 |    13 |     8 |     1 ||    26
         Potion            |       |       |     3 |       |       ||     3
   Stab: Confused          |       |     1 |       |       |       ||     1
         Distracted        |       |       |       |     7 |     2 ||     9
 Armour: Scale mail        |    38 |    42 |    14 |       |       ||    94
         Skin              |       |     1 |       |       |       ||     1
         Plate armour      |       |       |    94 |   214 |    39 ||   347
         Chain mail        |       |       |     6 |       |       ||     6
  Dodge: Dodged            |    39 |   101 |   164 |   202 |    40 ||   546
  Block: Buckler           |    10 |    33 |    37 |    88 |    24 ||   192

Table legend:
 A = Non-vault XP
 B = Vault XP
 C = Vault XP percentage of total XP
 D = Non-vault monster count
 E = Vault monster count
 F = Vault count percentage of total count
                 A         B        C        D         E       F
            +---------+---------+-------+---------+---------+-------
      Total |   35375 |    4608 |  11.5 |     259 |      61 |  19.1
            +---------+---------+-------+---------+---------+-------
        D:1 |      51 |       0 |   0.0 |      29 |       0 |   0.0
        D:2 |      86 |       0 |   0.0 |      24 |       0 |   0.0
        D:3 |     229 |     316 |  58.0 |      19 |       2 |   9.5
        D:4 |     271 |       0 |   0.0 |      16 |       0 |   0.0
        D:5 |     528 |      13 |   2.4 |      16 |       1 |   5.9
        D:6 |     412 |     781 |  65.5 |      10 |       9 |  47.4
        D:7 |     313 |     274 |  46.7 |       5 |       1 |  16.7
        D:8 |    2668 |       0 |   0.0 |      41 |       0 |   0.0
     Lair:1 |    6680 |       0 |   0.0 |      23 |       0 |   0.0
     Lair:2 |    6766 |    2690 |  28.4 |      20 |      11 |  35.5
     Lair:3 |    8211 |       0 |   0.0 |      30 |       0 |   0.0
     Lair:4 |    9160 |     350 |   3.7 |      26 |       1 |   3.7
      Sewer |       0 |     184 | 100.0 |       0 |      36 | 100.0
            +---------+---------+-------+---------+---------+-------
